 Dungeon Crawl Stone Soup version 0.17-a0-1382-gc46a074 (webtiles) character file.

3857 ololoev the Stinger (level 9, 0/57 HPs)
             Began as a Mummy Venom Mage on June 15, 2015.
             Was a Believer of Kikubaaqudgha.
             Slain by an unseen horror (1 damage)
             ... on level 8 of the Dungeon.
             The game lasted 00:31:27 (12451 turns).

ololoev the Stinger (Mummy Venom Mage)             Turns: 12451, Time: 00:31:27

Health: 0/57       AC:  6    Str: 12    XL:     9   Next: 99%
Magic:  12/14      EV: 12    Int: 17    God:    Kikubaaqudgha [**....]
Gold:   218        SH:  0    Dex: 12    Spells: 4 memorised, 6 levels left

rFire  . . .     SeeInvis .     l - +1 dagger (pain)
rCold  + + .     Clarity  .     h - +1 robe {rC+}
rNeg   + + +     SustAt   +     (no shield)
rPois  ∞         Gourm    .     (no helmet)
rElec  .         Spirit   .     f - +0 cloak
rCorr  .         Warding  .     k - +1 pair of gloves
rMut   .         Stasis   .     (no boots)
MR     +....                    (no amulet)
Stlth  ++........               m - ring of sustain attributes
                                g - ring of protection from fire

@: very slightly contaminated, somewhat resistant to hostile enchantments,
unstealthy
A: no food or potions, fire vulnerability, cold resistance 1, negative energy
resistance 3, torment resistance, unbreathing
a: Receive Corpses, Renounce Religion


Innate Abilities, Weirdness & Mutations

You do not eat or drink.
Your flesh is vulnerable to fire.
You are immune to poison.
Your flesh is cold resistant.
You are immune to negative energy.
You are immune to unholy pain and torment.
You can survive without breathing.

Inventory:

Hand weapons
 l - a +1 dagger of pain (weapon)
Armour
 f - a +0 cloak (worn)
 h - a +1 robe of cold resistance (worn)
 k - a +1 pair of gloves (worn)
Jewellery
 g - a ring of protection from fire (left hand)
 m - a ring of sustain attributes (right hand)
Magical devices
 a - a wand of disintegration (4)
 o - a wand of cold (6)
Scrolls
 c - a scroll of remove curse
 d - a scroll of amnesia
 e - 5 scrolls of identify
 j - 2 scrolls of blinking
 n - a scroll of recharging
Books
 b - a Young Poisoner's Handbook

   Spells                             Type                      Level
   a - Sting                          Conjuration/Poison           1
   b - Cure Poison                    Poison                       2
   c - Mephitic Cloud                 Conjuration/Poison/Air       3
   d - Olgreb's Toxic Radiance        Poison                       4
   e - Venom Bolt                     Conjuration/Poison           5


   Skills:
 + Level 5.1 Short Blades
 - Level 1.5 Dodging
 - Level 1.5 Stealth
 - Level 3.8 Spellcasting
 - Level 4.3 Conjurations
 + Level 7.1 Necromancy
 - Level 7.8 Poison Magic


You had 6 spell levels left.
You knew the following spells:

 Your Spells              Type           Power        Failure   Level  Hunger
a - Sting                 Conj/Pois      ###.         1%          1    N/A
b - Mephitic Cloud        Conj/Pois/Air  ###.....     10%         3    N/A
c - Olgreb's Toxic Radia  Pois           ####....     10%         4    N/A
d - Animate Skeleton      Necr           N/A          1%          1    N/A


You were on level 8 of the Dungeon.
You worshipped Kikubaaqudgha.
Kikubaaqudgha was pleased with you.
You were not hungry.

You visited 2 branches of the dungeon, and saw 9 of its levels.
You also visited: Sewer.

You collected 323 gold pieces.
You spent 105 gold pieces at shops.

#. .####§§ #.
.......§ ######.
.(.....
......##..... ..
##%.#......# .#
#......#...###.# #
#......#.......# #
#.†Z..####..# #####
......###@......#
#....
.#..(..####.....#
#)...
#............#..###
#.... #..
......#.......#
#.... ..
....#.#..#....#
##### .
......####....# #
..#......'....# # #
#.######....# ###
#. #....# #..

Notes
Turn   | Place    | Note
--------------------------------------------------------------
     0 | D:1      | ololoev the Mummy Venom Mage began the quest for the Orb.
     0 | D:1      | Reached XP level 1. HP: 13/13 MP: 3/3
   279 | D:1      | Reached XP level 2. HP: 19/19 MP: 5/5
   506 | D:1      | Reached skill level 1 in Conjurations
   697 | D:2      | Reached XP level 3. HP: 8/24 MP: 1/6
   702 | D:2      | Learned a level 3 spell: Mephitic Cloud
  1100 | D:2      | Reached skill level 4 in Poison Magic
  1578 | D:2      | Reached XP level 4. HP: 16/30 MP: 0/7
  2483 | D:3      | Found a glowing golden altar of the Shining One.
  2841 | D:3      | Reached XP level 5. HP: 29/35 MP: 1/8
  3460 | D:4      | Reached skill level 5 in Poison Magic
  3631 | D:4      | Found a sparkling altar of Nemelex Xobeh.
  3706 | D:4      | Found a glowing drain.
  3715 | Sewer    | Entered a sewer
  4900 | D:4      | Learned a level 4 spell: Olgreb's Toxic Radiance
  5035 | D:4      | Found a radiant altar of Vehumet.
  5049 | D:4      | Noticed a sky beast
  5059 | D:4      | Killed a sky beast
  5059 | D:4      | Reached XP level 6. HP: 30/41 MP: 1/9
  5156 | D:4      | Noticed an ogre
  5165 | D:4      | Killed an ogre
  5272 | D:4      | Reached skill level 6 in Poison Magic
  5337 | D:4      | Found a shadowy altar of Dithmenos.
  5396 | D:4      | Noticed a phantom
  5533 | D:4      | Found a basalt altar of Yredelemnul.
  5791 | D:4      | Learned a level 1 spell: Animate Skeleton
  5820 | D:5      | Entered Level 5 of the Dungeon
  5830 | D:5      | Reached XP level 7. HP: 41/46 MP: 4/10
  6471 | D:5      | Noticed Pikel
  6597 | D:5      | Killed Pikel
  6597 | D:5      | Reached skill level 7 in Poison Magic
  6597 | D:5      | Reached XP level 8. HP: 21/52 MP: 1/12
  6650 | D:5      | HP: 2/52 [something (8)]
  7155 | D:5      | Noticed Sigmund
  7166 | D:5      | Killed Sigmund
  7278 | D:5      | Found a staircase to the Ecumenical Temple.
  7352 | Temple   | Entered the Ecumenical Temple
  7360 | Temple   | Became a worshipper of Kikubaaqudgha
  7974 | D:6      | Acquired Kikubaaqudgha's first power
  7974 | D:6      | Received a gift from Kikubaaqudgha
  7975 | D:6      | Identified Kikubaaqudgha's Disquisition on Evil Magic (Kikubaaqudgha gifted it to you on level 6 of the Dungeon)
  8581 | D:6      | Noticed Prince Ribbit
  8597 | D:6      | Killed Prince Ribbit
  8597 | D:6      | Reached skill level 1 in Short Blades
  8754 | D:6      | Reached XP level 9. HP: 46/57 MP: 11/14
  9166 | D:6      | Found Utaos's Magic Scroll Boutique.
  9174 | D:6      | Bought a scroll of vulnerability for 105 gold pieces
  9496 | D:6      | Acquired Kikubaaqudgha's second power
  9657 | D:7      | Found Uqal Zer's General Store.
  9790 | D:7      | Reached skill level 5 in Necromancy
  9825 | D:7      | Found an iron altar of Okawaru.
  9859 | D:7      | Found a glowing silver altar of Zin.
 11494 | D:8      | Noticed Aiteri's ghost (experienced HOFi)
 11550 | D:8      | Noticed Grum
 11677 | D:8      | Killed Grum
 11797 | D:8      | Noticed Maurice
 11994 | D:8      | Reached skill level 5 in Short Blades
 12450 | D:8      | HP: 1/57 [worker ant zombie (3)]
 12451 | D:8      | Slain by an unseen horror

Dungeon Overview and Level Annotations

Branches:
Dungeon (8/15)             Temple (1/1) D:5
   Lair: D:8-11

Altars:
Cheibriados
Dithmenos
Elyvilon
Gozag
Kikubaaqudgha
Nemelex Xobeh
Okawaru
Ru
Sif Muna
Vehumet
Xom
Yredelemnul
Zin
The Shining One

Shops:
D:6 ?   D:7 *

Annotations:
D:8 Aiteri's ghost, experienced HOFi; Maurice


Message History

The worker ant zombie closely misses you.
You hit the worker ant zombie but do no damage.
The worker ant zombie completely misses you.
You barely miss the worker ant zombie. You barely miss the worker ant zombie.
The worker ant zombie misses you.
You barely miss the worker ant zombie.
The worker ant zombie bites you but does no damage.
You hit the worker ant zombie.
The worker ant zombie barely misses you.
You hit the worker ant zombie. Something hits you!
Deactivating autopickup; reactivate with Ctrl-A.
You hit the worker ant zombie but do no damage.
Something hits you.
The worker ant zombie bites you but does no damage.
You hit the worker ant zombie. Something hits you.
The worker ant zombie bites you but does no damage.
You are too injured to fight recklessly!
You are too injured to fight recklessly!
You are too injured to fight recklessly!
You are too injured to fight recklessly!
You are too injured to fight recklessly!
You are too injured to fight recklessly!
You hit the worker ant zombie. Something hits you.
You hit the worker ant zombie. Something barely misses you.
The worker ant zombie barely misses you.
You hit the worker ant zombie. Something completely misses you.
The worker ant zombie barely misses you.
You barely miss the worker ant zombie. Something hits you!
Something hits you but does no damage. The worker ant zombie bites you.
You hit the worker ant zombie. Something hits you.
You hit the worker ant zombie. Something hits you.
The worker ant zombie bites you.
Read which item? (? for menu, Esc to quit)
Blink to where?
Press: ? - help, Dir - move target cursor You are very lightly contaminated with residual magic.
As you read the scroll of blinking, it crumbles to dust.
Something hits you.
You die...
Kikubaaqudgha rasps: "You have failed me!
Welcome... oblivion!"

You could see a worker ant zombie.

Vanquished Creatures
  Pikel (D:5)
  Prince Ribbit (D:6)
  Sigmund (D:5)
  A hungry ghost (D:8)
  Grum (D:8)
  A steam dragon (D:7)
  A hippogriff (D:6)
  2 wolves (D:8)
  A water moccasin (D:7)
  4 sky beasts
  An orc warrior (D:6)
  2 ogres
  2 slaves (D:5)
  3 centaurs
  A crocodile (D:8)
  2 giant frogs
  5 wights (D:7)
  A crimson imp (D:5)
  A centaur skeleton (D:5)
  A hound (D:6)
  3 orc priests (D:6)
  A giant frog skeleton (D:8)
  An iguana (D:4)
  5 worker ants
  8 orc wizards
  A killer bee zombie (D:8)
  18 adders
  2 shadow imps
  An ooze (D:4)
  An adder skeleton (D:4)
  An adder zombie (D:7)
  8 worms
  19 orcs
  3 ball pythons
  A bat skeleton (D:4)
  9 giant cockroaches
  11 goblins
  10 hobgoblins
  4 quokkas
  13 bats
  6 giant geckos
  13 giant newts
  20 jackals
  A jackal zombie (D:7)
  17 kobolds
  15 rats
  2 plants (Sewer)
227 creatures vanquished.

Vanquished Creatures (others)
  2 slaves (D:5)
  A plant (Sewer)
3 creatures vanquished.

Grand Total: 230 creatures vanquished

Action                   |  1- 3 |  4- 6 |  7- 9 || total
-------------------------+-------+-------+-------++-------
Melee: Short sword       |    71 |   336 |    89 ||   496
       Whip              |       |       |    89 ||    89
       Dagger            |       |       |   301 ||   301
 Cast: Sting             |    48 |   134 |    17 ||   199
       Mephitic Cloud    |       |     4 |    22 ||    26
       Olgreb's Toxic Ra |       |       |    36 ||    36
       Animate Skeleton  |       |       |     1 ||     1
Evoke: Wand              |       |       |     7 ||     7
  Use: Scroll            |       |     9 |     5 ||    14
 Stab: Sleeping          |       |     6 |     4 ||    10
       Confused          |       |     2 |    15 ||    17
       Distracted        |       |       |     1 ||     1

Vault maps used:
D:1:      dpeg_arrival_shelter
D:2:      grunt_decor_arrowhead
D:3:      nicolae_overflow_hidden_temple, minmay_ruptured
D:4:      nicolae_overflow_crystal_walls, kennysheep_mini_moat,
          lemuel_doored_altar, old_standard_altar, first_bread,
          portal_sewer_entry_d
D:5:      temple_statues, kennysheep_big_empty_room, uniq_sigmund, uniq_pikel
D:6:      serial_shops, shop_scrolls, hangedman_decor_opposing,
          uniq_prince_ribbit1
D:7:      kennysheep_mini, lemuel_crystal_altar, serial_shops, shop
D:8:      lemuel_ice_statue, lair_0_dummy, serial_undead, serial_undead_a,
          serial_undead_e, serial_undead_f, serial_undead_a, uniq_grum,
          uniq_erica, uniq_maurice
Temple:   circular_temple_12
Sewer:    sewer_co_scattered_pipes
